 Dungeon Crawl Stone Soup version 0.30.1-9-gdf580d7c3d (webtiles) character file.

Game seed: 16737900354323103657

465 cowcol the Chopper (level 6, -10/56 HPs)
             Began as a Minotaur Fighter on Oct 11, 2023.
             Engulfed by a cloud of flame (21 damage)
             ... on level 4 of the Dungeon on Oct 12, 2023.
             The game lasted 00:10:05 (3552 turns).

cowcol the Chopper (Minotaur Fighter)               Turns: 3552, Time: 00:10:05

Health: -10/56     AC:  9    Str: 22    XL:     6   Next: 80%
Magic:  5/5        EV:  9    Int:  8    God:
Gold:   154        SH:  4    Dex: 10    Spells: 5/5 levels left

rFire   . . .        a - +1 war axe
rCold   . . .        c - +0 buckler
rNeg    . . .        b - +0 scale mail
rPois   .            j - +2 hat {Int+3}
rElec   .            (no cloak)
rCorr   .            (no gloves)
SInv    .            (no boots)
Will    .....        (no amulet) Stlth
                     (no ring)
HPRegen 0.29/turn    (no ring)
MPRegen 0.09/turn

%: no passive effects
@: no status effects
A: horns 2, retaliatory headbutt
a: no special abilities


You were on level 4 of the Dungeon.
You visited 1 branch of the dungeon, and saw 4 of its levels.

You collected 154 gold pieces.

Inventory:

Hand Weapons
 a - a +1 war axe (weapon)
Armour
 b - a +0 scale mail (worn)
 c - a +0 buckler (worn)
 i - a +0 cloak
 j - a +2 hat of intelligence (worn)
 n - the +1 leather armour of Dithmenos, Mashing {rPois rF- Int+5 SInv}
   (You found it on level 3 of the Dungeon)

   Int:       It affects your intelligence (+5).
   rF:        It makes you vulnerable to fire.
   rPois:     It protects you from poison.
   SInv:      It lets you see invisible.
Jewellery
 k - a ring of poison resistance
Scrolls
 m - 3 scrolls of teleportation
 p - 2 scrolls of immolation
Potions
 d - a potion of attraction {unknown}
 e - 2 potions of brilliance {unknown}
 f - 3 potions of curing
 g - a potion of resistance {unknown}
 h - a potion of mutation {unknown}
 l - a potion of degeneration {unknown}
 o - a potion of invisibility {unknown}
 q - a potion of cancellation {unknown}


   Skills:
 + Level 5.4 Fighting
 + Level 6.3 Axes
 + Level 5.9 Armour
 - Level 3.6 Shields


You had 5 spell levels left.
You didn't know any spells.
Your spell library contained the following spells:

 Spells                   Type           Power      Damage    Failure   Level
 Apportation              Tloc           0%         N/A       78%         1
 Necrotise                Necr           0%         1d4       78%         1
 Summon Small Mammal      Summ           0%         N/A       78%         1
 Blink                    Tloc           0%         N/A       89%         2
 Ensorcelled Hibernation  Hex/Ice        0%         N/A       89%         2
 Lesser Beckoning         Tloc           0%         N/A       89%         2
 Momentum Strike          Conj/Tloc      0%         3d8       89%         2
 Passwall                 Tmut/Erth      0%         N/A       89%         2
 Static Discharge         Conj/Air       0%         2-2/arc   89%         2
 Call Canine Familiar     Summ           0%         N/A       98%         3
 Summon Guardian Golem    Hex/Summ       0%         N/A       98%         3
 Swiftness                Air            0%         N/A       98%         3
 Airstrike                Air            0%         2d(0-16)  100%        4
 Summon Lightning Spire   Summ/Air       0%         N/A       100%        4


Dungeon Overview and Level Annotations

Branches:
Dungeon (4/15)
 Temple: D:4-7

Altars:
Elyvilon
Makhleb
Trog


Innate Abilities, Weirdness & Mutations

You have a pair of horns on your head.
You reflexively headbutt those who attack you in melee.


Message History

The kobold is severely wounded.
The kobold barely misses you.
You completely miss the kobold.
The kobold is severely wounded.
The kobold closely misses you.
You slash the kobold!
You kill the kobold!
You see here a +0 club.
You see here a +0 club.
p - 3 scrolls labelled WEUDETSABUJ You see here a staff of death.
You hear the slow hiss of an avalanche of sand very nearby.
You open the door. 2 orcs come into view.
Found a dagger and a red potion.
Found a stone staircase leading down.
The orc shouts! x2
There is an open door here.
As you read the scroll labelled WEUDETSABUJ, it crumbles to dust.
The creatures around you are filled with an inner flame!
It was a scroll of immolation.
An orc comes into view. It is wielding a +0 war axe.
An orc comes into view. It is wielding a +0 short sword.
An orc wizard comes into view. It is wielding a +0 dagger.
The orc wizard shouts!
The orc wizard mumbles some strange words.
The orc wizard flickers and vanishes!
Deactivating autopickup; reactivate with Ctrl-A.
You barely miss the orc. Your headbutt misses the orc.
The orc hits you with a +0 whip.
You slash the orc!
The orc explodes!
The fiery explosion engulfs the orc!!
The fiery explosion engulfs you!
The orc explodes!
You are engulfed in blazing flames.
An endoplasm comes into view.
You are engulfed in blazing flames.
* * * LOW HITPOINT WARNING * * *
You see here a +0 whip.
You are engulfed in blazing flames.
You die...

##... .. #...|
#####>######
#....
#..........#
#....
#..........#
#.... ≈
#.........!#
#.... ...
#..........#
#....
....o#§§§§......#
#....
#J).o§@§§......#
#....
#########'######
#.... #.# #....
#.#########.###
#...........#
#############


You could see 2 orcs and an endoplasm.

Vanquished Creatures
  Sigmund (D:2)
  A kobold brigand (D:3)
  Jessica (D:3)
  2 orc wizards (D:3)
  5 adders
  A gnoll (D:1)
  A worm (D:3)
  3 dart slugs
  5 orcs
  8 ball pythons
  8 bats
  6 endoplasms
  A giant cockroach (D:1)
  5 goblins
  15 hobgoblins
  4 jackals (D:1)
  A quokka (D:1)
  8 frilled lizards
  15 kobolds
  5 rats
96 creatures vanquished.

Vanquished Creatures (others)
  A wizard (D:3)
1 creature vanquished.

Grand Total: 97 creatures vanquished

Notes
Turn   | Place    | Note
-------+----------+-------------------------------------------
     0 | D:1      | cowcol the Minotaur Fighter began the quest for the Orb.
     0 | D:1      | Reached XP level 1. HP: 19/19 MP: 0/0
    77 | D:1      | Found a faded altar of an unknown god.
    85 | D:1      | Reached XP level 2. HP: 27/27 MP: 1/1
   381 | D:1      | Reached skill level 3 in Axes
   381 | D:1      | Reached XP level 3. HP: 29/33 MP: 2/2
   908 | D:2      | Noticed Sigmund
   913 | D:2      | Killed Sigmund
   914 | D:2      | Reached skill level 5 in Axes
   914 | D:2      | Reached skill level 5 in Armour
   914 | D:2      | Reached XP level 4. HP: 29/41 MP: 3/3
   914 | D:2      | Reached XP level 5. HP: 33/47 MP: 4/4
  1247 | D:2      | Reached skill level 5 in Fighting
  1446 | D:2      | Found a white marble altar of Elyvilon.
  1788 | D:3      | Reached XP level 6. HP: 34/52 MP: 5/5
  2019 | D:3      | Found a burning altar of Makhleb.
  2159 | D:3      | Reached skill level 6 in Axes
  2206 | D:3      | Found a bloodstained altar of Trog.
  2209 | D:3      | Noticed a wizard
  2215 | D:3      | Killed a wizard
  2364 | D:3      | Noticed Jessica
  2375 | D:3      | Killed Jessica
  2464 | D:3      | Identified the +1 leather armour of Dithmenos, Mashing
                  | {rPois rF- Int+5 SInv}
  3552 | D:4      | Engulfed by a cloud of flame

Illustrated notes

Levels and vault maps discovered:
D:1:      saegor_arrival_simple_b, layout_rooms,
          hellmonk_ecumenical_altar_leap_of_faith,
          hangedman_decor_clover_reticule
D:2:      layout_loops_corners, basic_altar, uniq_sigmund
D:3:      cheibrodos_thug_alley, layout_basic, trog_wizard,
          nicolae_overflow_hidden_temple, minmay_mini_jars, uniq_jessica
D:4:      layout_basic, lemuel_doored_altar, temple_pool_b,
          nicolae_ossuary_entry_ruins, grunt_decor_resistance

Skill      XL: |  1  2  3  4  5  6 |
---------------+-------------------+-----
Fighting       | 4 5 |  5.4
Armour         | 4 5 |  5.9
Axes           | 3 5 6 |  6.3
Shields        | |  3.6

Action                     |  1- 3 |  4- 6 || total
---------------------------+-------+-------++-------
  Melee: War axe           |    53 |   113 ||   166
         Headbutt          |     5 |    10 ||    15
    Use: Potion            |     1 |       ||     1
         Scroll            |       |     7 ||     7
 Armour: Scale mail        |    19 |    48 ||    67
  Dodge: Dodged            |    16 |    47 ||    63
  Block: Buckler           |    11 |    24 ||    35
